 Dungeon Crawl Stone Soup version 0.26-b1-32-g5d43845318 (webtiles) character file.

Game seed: 9170010791669026723

96 Yuikono1 the Skirmisher (level 4, 42/42 HPs)
             Began as a Minotaur Fighter on Jan 9, 2021.
             Tarried too long and was consumed by Zot
             ... on level 2 of the Dungeon.
             The game lasted 00:06:31 (11961 turns).

Yuikono1 the Skirmisher (Minotaur Fighter)         Turns: 11961, Time: 00:06:32

Health: 42/42      AC:  7    Str: 21    XL:     4   Next: 41%
Magic:  3/3        EV:  7    Int:  5    God:
Gold:   72         SH:  9    Dex: 10    Spells: 3/3 levels left

rFire    . . .     SeeInvis .   a - +0 war axe
rCold    . . .     Faith    .   c - +0 kite shield
rNeg     . . .     Spirit   .   b - +0 scale mail
rPois    .         Reflect  .   (helmet restricted)
rElec    .         Harm     .   (no cloak)
rCorr    +         Rampage  .   (no gloves)
Will     .....                  (no boots)
Stlth    ..........             (no amulet)
HPRegen  0.14/turn              j - ring of resist corrosion
MPRegen  0.08/turn              (no ring)

@: bezotted
A: retaliatory headbutt, horns 2
a: no special abilities


You were on level 2 of the Dungeon.
You visited 1 branch of the dungeon, and saw 2 of its levels.

You collected 72 gold pieces.

Inventory:

Hand Weapons
 a - a +0 war axe (weapon)
 e - a +0 hunting sling
 i - a +0 club
 p - a +2 whip of flaming
Missiles
 f - 61 stones (quivered)
 g - 17 sling bullets
 h - 24 bolts
 k - 64 arrows
Armour
 b - a +0 scale mail (worn)
 c - a +0 kite shield (worn)
Jewellery
 j - a ring of resist corrosion (left hand)
Scrolls
 m - 5 scrolls of remove curse {unknown}
 n - 2 scrolls of blinking {unknown}
 o - 2 scrolls of identify {unknown}
 q - a scroll of fear {unknown}
 u - 2 scrolls of teleportation {unknown}
Potions
 d - a potion of might
 l - a potion of attraction {unknown}
 r - a potion of ambrosia {unknown}
 s - a potion of invisibility {unknown}
 t - a potion of curing {unknown}


   Skills:
 + Level 5.2 Fighting
 + Level 4.1 Axes
 - Level 3.8 Armour
 - Level 3.7 Shields


You had 3 spell levels left.
You didn't know any spells.
Your spell library was empty.

Dungeon Overview and Level Annotations

Branches:
Dungeon (2/15)

Altars:


Innate Abilities, Weirdness & Mutations

You reflexively headbutt those who attack you in melee.
You have a pair of horns on your head.


Message History

The worm is severely wounded.
You block the worm's attack.
You hit the worm.
The worm is severely wounded.
You block the worm's attack.
You hit the worm. You headbutt the worm.
You kill the worm!
No target in view!
No target in view!
m - 5 scrolls labelled NOKHLA BEMPE (gained 1)
You now have 72 gold pieces (gained 12).
Zot has nearly found you.
Death is approaching.
Descend or flee this branch!
Done exploring.
Done exploring.
Done exploring.
Done exploring.
Done exploring.
No target in view!
Zot has found you!
You die...

....<......#########.#.....##.###
#......................######.#
#....÷...##..>.....#..## ###.###
....................#.# ##...##.
.....÷...........##.#.####..###..
.................##........###..#
..........#.....#####..##..##..##
..................####.#.......#
#...............@........###...##
##......##...................#...
#########.................#####.
##..........)...........
###.....##....[).........
#.................#####.#
#................## #.#
#.........##..#..# #..
###..........##..# ##.


There were no monsters in sight!

Vanquished Creatures
  Terence (D:2)
  A gnoll (D:1)
  2 adders (D:2)
  A worm (D:2)
  A dart slug (D:2)
  2 leopard geckos (D:1)
  2 giant cockroaches (D:1)
  3 goblins
  7 hobgoblins
  2 quokkas (D:2)
  3 bats
  3 frilled lizards
  8 kobolds
  5 rats
41 creatures vanquished.

Notes
Turn   | Place    | Note
-------+----------+-------------------------------------------
     0 | D:1      | Yuikono1 the Minotaur Fighter began the quest for the Orb.
     0 | D:1      | Reached XP level 1. HP: 19/19 MP: 0/0
   256 | D:1      | Reached skill level 4 in Fighting
   293 | D:1      | Reached XP level 2. HP: 27/27 MP: 1/1
   568 | D:1      | You fall into a shaft and drop 1 floor!
   590 | D:2      | Reached XP level 3. HP: 33/34 MP: 2/2
 10971 | D:1      | Glimpsed the power of Zot.
 11471 | D:1      | Glimpsed the power of Zot.
 11561 | D:2      | Noticed Terence
 11569 | D:2      | Killed Terence
 11570 | D:2      | Reached skill level 5 in Fighting
 11570 | D:2      | Reached XP level 4. HP: 39/42 MP: 3/3
 11861 | D:2      | Glimpsed the power of Zot.
 11960 | D:2      | Glimpsed the power of Zot.
 11961 | D:2      | Tarried too long and was consumed by Zot

Illustrated notes

Levels and vault maps discovered:
D:1:      ncdulo_lavacross, layout_loops_ring, hangedman_decor_growths
D:2:      layout_rooms, uniq_terence

Skill      XL: |  1  2  3 |
---------------+----------+-----
Fighting       | 4 5 |  5.2
Axes           | 3 4 |  4.1
Armour         | |  3.8
Shields        | |  3.7

Action                   |  1- 3 |  4- 6 || total
-------------------------+-------+-------++-------
Melee: War axe           |    78 |    13 ||    91
       Headbutt          |    17 |     3 ||    20
Throw: Stone             |     1 |       ||     1
Armor: Scale mail        |    31 |     1 ||    32
Dodge: Dodged            |    26 |     4 ||    30
Block: Kite shield       |    38 |     7 ||    45
